 Dungeon Crawl Stone Soup version 0.26.1-11-gd32895ea62 (webtiles) character file.

Game seed: 8624681155367882906

11 H0rd4k the Insei (level 2, -2/13 (18) HPs)
             Began as an Octopode Transmuter on May 4, 2021.
             Slain by Terence
             ... wielding a +1 short sword of draining
              (6 damage)
             ... on level 2 of the Dungeon.
             The game lasted 00:00:45 (788 turns).

H0rd4k the Insei (Octopode Transmuter)               Turns: 788, Time: 00:00:45

HP:   -2/13 (18)    AC:  1    Str:  9    XL:     2   Next: 29%
MP:   5/5           EV: 13    Int: 15    God:
Gold: 49            SH:  0    Dex: 12    Spells: 4/5 levels left

rFire    x . .     SeeInvis .     - Unarmed
rCold    + . .     Faith    .   (no shield)
rNeg     + . .     Spirit   .   (helmet restricted)
rPois    .         Reflect  .   (no amulet)
rElec    .         Harm     .   e - ring of ice
rCorr    .         Rampage  .   f - ring of positive energy
Will     .....                  (no ring)
Stlth    ++........             (no ring)
HPRegen  0.04/turn              (no ring)
MPRegen  0.09/turn              (no ring)
                                (no ring)
                                (no ring)

@: very heavily drained
A: almost no armour, stealthy swim, amphibious, 8 rings, constrict 8, camouflage
1, gelatinous body 1
a: no special abilities


You were on level 2 of the Dungeon.
You visited 1 branch of the dungeon, and saw 2 of its levels.

You collected 49 gold pieces.

Inventory:

Missiles
 c - 6 poisoned darts
Jewellery
 e - a ring of ice (left tentacle)
 f - a ring of positive energy (right tentacle)
Scrolls
 a - 2 scrolls of remove curse {unknown}
 b - a scroll of fog {unknown}
 d - 2 scrolls of identify {unknown}
 g - a scroll of noise {unknown}
Potions
 h - a potion of resistance {unknown}


   Skills:
 + Level 1.0 Fighting
 + Level 2.1 Dodging
 + Level 0.7 Stealth
 + Level 3.1 Unarmed Combat
 * Level 2.3 Spellcasting
 * Level 2.1 Transmutations


You had 4 spell levels left.
You knew the following spells:

 Your Spells              Type           Power        Failure   Level
a - Beastly Appendage     Tmut           16%          9%          1

Your spell library contained the following spells:

 Spells                   Type           Power        Failure   Level
 Wereblood                Tmut           8%           14%         2
 Spider Form              Tmut/Pois      2%           38%         3
 Ice Form                 Ice/Tmut       7%           80%         4
 Blade Hands              Tmut           4%           94%         5


Dungeon Overview and Level Annotations

Branches:
Dungeon (2/15)

Altars:

Annotations:
D:2 Terence


Innate Abilities, Weirdness & Mutations

You cannot wear most types of armour.
You are very stealthy in the water. (Stealth+)
You are amphibious.
You can wear up to eight rings at the same time.
You can use your tentacles to constrict eight enemies at once.
Your skin changes colour to match your surroundings (Stealth+).
Your rubbery body absorbs attacks. (AC +1, EV +1)


Message History

You release your grip on Terence.
You see here 12 gold pieces.
There is a stone staircase leading up here.
You tentacle-slap Terence. You grab Terence.
Terence is severely wounded.
You constrict Terence, but do no damage.
Terence closely misses you.
You tentacle-slap Terence but do no damage.
Terence is severely wounded.
You constrict Terence, but do no damage.
Terence hits you with a +1 short sword of draining.
* * * LOW HITPOINT WARNING * * *
You partially resist.
You feel drained.
You release your grip on Terence.
Unknown command.
Terence says, "Don't bother to defend, it's pointless."
Found 15 gold pieces.
You see here 15 gold pieces.
Terence hits you with a +1 short sword of draining.
You die...

# #.####
#....######
#######......######
..#...S####.......
#.#.#### ########
#@#.# #.@S# #####


You could see Terence and a ball python.

Vanquished Creatures
  A bat (D:1)
  A giant cockroach (D:1)
  A goblin (D:1)
  A hobgoblin (D:1)
  2 ball pythons (D:1)
  4 frilled lizards (D:1)
  A kobold (D:1)
  A rat (D:1)
12 creatures vanquished.

Notes
Turn   | Place    | Note
-------+----------+-------------------------------------------
     0 | D:1      | H0rd4k the Octopode Transmuter began the quest for the Orb.
     0 | D:1      | Reached XP level 1. HP: 13/13 MP: 3/3
     2 | D:1      | Noticed an ogre
     4 | D:1      | Noticed a ghoul
     4 | D:1      | Noticed a minotaur
     6 | D:1      | Noticed a felid
     6 | D:1      | Noticed a troll
     8 | D:1      | Noticed a formicid
     8 | D:1      | Noticed a demigod
    10 | D:1      | Noticed a naga
    10 | D:1      | Noticed a vampire
    14 | D:1      | Noticed a merfolk
    14 | D:1      | Noticed a gargoyle
    16 | D:1      | Noticed a vine stalker
    16 | D:1      | Noticed a draconian
    18 | D:1      | Noticed an octopode
    18 | D:1      | Noticed an elf
    20 | D:1      | Noticed a demonspawn
    20 | D:1      | Noticed a tengu
    22 | D:1      | Noticed a human
    24 | D:1      | Noticed a dwarf
    24 | D:1      | Noticed a halfling
    26 | D:1      | Noticed a spriggan
    26 | D:1      | Noticed a centaur
   256 | D:1      | Reached XP level 2. HP: 18/18 MP: 5/5
   731 | D:2      | Noticed Terence
   788 | D:2      | Slain by Terence

Illustrated notes

Levels and vault maps discovered:
D:1:      kb_arrival_jail, layout_basic
D:2:      layout_loops_ring, nicolae_overflow_hidden_temple,
          chequers_ecumenical_altar_island, uniq_robin, uniq_natasha,
          uniq_terence

Action                   || total
-------------------------++-------
Melee: Unarmed           ||    30
       Tentacles         ||     9
       Constrict         ||    12
 Stab: Sleeping          ||     3
Armor: Skin              ||     1
Dodge: Dodged            ||    12
